 Dungeon Crawl Stone Soup version 0.31-a0-1529-g7bd419a0e5 (webtiles) character file.

Game seed: 11492581193803141324

51 Flugslaktarn the Trooper (level 3, 0/33 HPs)
             Began as a Minotaur Fighter on Jan 1, 2024.
             Succumbed to a water moccasin's poison
             ... on level 3 of the Dungeon.
             The game lasted 00:00:46 (1392 turns).

Flugslaktarn the Trooper (Minotaur Fighter)         Turns: 1392, Time: 00:00:46

Health: 0/33       AC:  8    Str: 22    XL:     3   Next: 58%
Magic:  2/2        EV:  9    Int:  5    God:
Gold:   81         SH:  4    Dex:  9    Spells: 2/2 levels left

rFire   . . .        a - +0 war axe
rCold   . . .        c - +0 buckler
rNeg    . . .        b - +0 scale mail
rPois   .            n - +1 hat
rElec   .            (no cloak)
rCorr   .            (no gloves)
SInv    .            (no boots)
Will    .....        (no amulet) Stlth
                     (no ring)
HPRegen 0.25/turn    (no ring)
MPRegen 0.08/turn

%: no passive effects
@: lethally poisoned (0 -> -5), attractive
A: horns 2, retaliatory headbutt
a: no special abilities


You were on level 3 of the Dungeon.
You visited 1 branch of the dungeon, and saw 3 of its levels.

You collected 81 gold pieces.

Inventory:

Hand Weapons
 a - a +0 war axe (weapon)
Armour
 b - a +0 scale mail (worn)
 c - a +0 buckler (worn)
 n - a +1 hat (worn)
   (You found it on level 2 of the Dungeon)
Jewellery
 i - a ring of flight
   (You found it on level 1 of the Dungeon)
Scrolls
 e - a scroll of vulnerability {unknown}
 f - 2 scrolls of identify {unknown}
 g - 2 scrolls of amnesia {unknown}
 h - 3 scrolls of poison {unknown}
 j - 5 scrolls of immolation {unknown}
 l - a scroll of blinking {unknown}
 m - a scroll of enchant weapon {unknown}
Potions
 d - a potion of might
 k - a potion of attraction
 o - a potion of enlightenment {unknown}


   Skills:
 + Level 4.1 Fighting
 * Level 3.8 Axes
 + Level 4.1 Armour
 - Level 3.8 Shields


You had 2 spell levels left.
You didn't know any spells.
Your spell library contained the following spells:

 Spells                   Type           Power      Damage    Failure   Level
 Magic Dart               Conj           0%         1d3       86%         1
 Blink                    Tloc           0%         N/A       94%         2
 Call Imp                 Summ           0%         N/A       94%         2
 Lesser Beckoning         Tloc           0%         N/A       94%         2
 Momentum Strike          Conj/Tloc      0%         3d8       94%         2


Dungeon Overview and Level Annotations

Branches:
Dungeon (3/15)

Altars:


Innate Abilities, Weirdness & Mutations

You have a pair of horns on your head.
You reflexively headbutt those who attack you in melee.


Message History

You completely miss the rat. Your headbutt misses the rat.
You block the rat's attack.
You hit the rat but do no damage. The rat closely misses you.
The rat bites you.
You hit the rat.
You kill the rat!
No target in view!
No target in view!
o - a brown potion No target in view!
You pick up a book of Spatial Translocations and begin reading...
You add the spells Momentum Strike and Lesser Beckoning to your library.
No target in view!
Found an escape hatch in the ceiling.
j - 5 scrolls labelled EDEPPI VIERR (gained 2)
There is an escape hatch in the ceiling here.
A rat comes into view.
The rat squeaks loudly.
The rat closely misses you.
You completely miss the rat. Your headbutt misses the rat.
You block the rat's attack.
You slash the rat!
You kill the rat!
You see here 8 stones.
A ball python comes into view.
A ball python is nearby!
A ball python is nearby!
A ball python is nearby!
The ball python bites you but does no damage.
You block the ball python's attack.
You closely miss the ball python. The ball python completely misses you.
You furiously retaliate!
You headbutt the ball python!
You kill the ball python!
No target in view!
No target in view!
No target in view!
No target in view!
No target in view!
No target in view!
You enter the shallow water.
Moving in this stuff is going to be slow.
There is a faded altar of an unknown god here.
This altar belongs to (a) Xom, (b) Ru or (c) Ashenzari, but you can't tell which.
Press the corresponding letter to learn more about a god, or press enter to convert or escape to cancel.
Okay, then.
You enter the shallow water.
Moving in this stuff is going to be slow.
You see here 8 stones.
Done exploring.
Done exploring.
Done exploring.
No target in view!
No target in view!
No target in view!
There is a stone staircase leading down here.
You climb downwards.
There is a stone staircase leading up here.
Unknown command.
A water moccasin and a bat come into view.
Found a scroll labelled QELAZA OWAU.
The water moccasin hisses angrily.
There are monsters nearby!
There are monsters nearby!
Found a stone staircase leading down.
The bat closely misses you.
You hit the bat.
You kill the bat!
You closely miss the water moccasin. The water moccasin closely misses you.
The water moccasin bites you.
You barely miss the water moccasin.
Your headbutt misses the water moccasin.
You block the water moccasin's attack. The water moccasin closely misses you.
You closely miss the water moccasin.
The water moccasin bites you but does no damage.
You block the water moccasin's attack.
You closely miss the water moccasin. You headbutt the water moccasin!
The water moccasin is moderately wounded.
The water moccasin bites you!
The water moccasin bites you but does no damage.
You barely miss the water moccasin.
Your headbutt misses the water moccasin.
The water moccasin is moderately wounded.
The water moccasin bites you.
You are poisoned.
The water moccasin poisons you!
You miss the water moccasin.
You headbutt the water moccasin, but do no damage.
The water moccasin is moderately wounded.
You feel very sick. The water moccasin bites you.
* * * LOW HITPOINT WARNING * * *
The water moccasin bites you.
* * * LOW HITPOINT WARNING * * *
You slash the water moccasin!
The water moccasin is severely wounded.
* * * LOW HITPOINT WARNING * * *
You feel very sick.
The water moccasin closely misses you. x2
You are too injured to fight recklessly!
It was a potion of attraction.
You feel attractive to monsters.
You die...

#....>.....
#.....?...#
#.........#
#....!....#
#.........#
#.........#
#....S....#
#....@....##
#............
####.#+######
#.# #.# #.#
.... #.# ...
#.#### ## #..
#....# #..
...


You could see a water moccasin.

Vanquished Creatures
  An adder (D:2)
  A dart slug (D:1)
  An endoplasm (D:2)
  A giant cockroach (D:1)
  3 goblins
  4 hobgoblins
  4 jackals (D:2)
  3 kobolds (D:1)
  2 quokkas (D:1)
  3 ball pythons (D:2)
  8 bats
  3 frilled lizards
  5 rats
39 creatures vanquished.

Notes
Turn   | Place    | Note
-------+----------+-------------------------------------------
     0 | D:1      | Flugslaktarn the Minotaur Fighter began the quest for the
                  | Orb.
     0 | D:1      | Reached XP level 1. HP: 19/19 MP: 0/0
   103 | D:1      | Reached XP level 2. HP: 27/27 MP: 1/1
   806 | D:2      | Reached XP level 3. HP: 24/33 MP: 2/2
   942 | D:2      | Found a faded altar of an unknown god.
  1382 | D:3      | Noticed a water moccasin
  1392 | D:3      | Succumbed to a water moccasin's poison

Illustrated notes

Levels and vault maps discovered:
D:1:      dpeg_arrival_solitude, layout_basic
D:2:      layout_basic, chequers_ecumenical_altar_island
D:3:      layout_basic, mainiacjoe_overflow_concentric_impassable, uniq_jessica

Skill      XL: |  1  2 |
---------------+-------+-----
Axes           | 3 |  3.8
Fighting       | 4 |  4.1
Armour         | 4 |  4.1
Shields        | |  3.8

Action                     || total
---------------------------++-------
  Melee: War axe           ||    78
         Headbutt          ||    11
    Use: Potion            ||     1
 Armour: Scale mail        ||    72
  Dodge: Dodged            ||    69
  Block: Buckler           ||    28

Table legend: (Time is in decaauts)
 A = Elapsed time spent in this place.
 B = Non-inter-level travel time spent in this place.
 C = Inter-level travel time spent in this place.
 D = Time resting spent in this place.
 E = Time spent auto-exploring this place.
 F = Levels seen in this place.
 G = Mean time per level.
                   A        B        C        D        E       F      G
               +--------+--------+--------+--------+--------+-----+--------+
         Total |   1426 |   1385 |     41 |      0 |   1131 |   3 |  475.3 |
       Dungeon |   1426 |   1385 |     41 |      0 |   1131 |   3 |  475.3 |
               +--------+--------+--------+--------+--------+-----+--------+

Top non-repeatable levels by time:
     D:1: 716 daAuts
     D:2: 629 daAuts
     D:3: 80 daAuts
